 Dungeon Crawl Stone Soup version 0.20.1-1-g8b1a95d (webtiles) character file.

44 Jazqa the Sneak (level 3, 0/18 HPs)
             Began as a Spriggan Assassin on Oct 30, 2017.
             Succumbed to an adder's poison
             ... on level 3 of the Dungeon.
             The game lasted 00:02:35 (1148 turns).

Jazqa the Sneak (Spriggan Assassin)                 Turns: 1148, Time: 00:02:36

Health: 0/18       AC:  8    Str:  7    XL:     3   Next: 41%
Magic:  13/13      EV: 17    Int: 12    God:
Gold:   53         SH:  0    Dex: 18    Spells: 2/2 levels left

rFire    . . .     SeeInvis +   a - +2 dagger
rCold    . . .     Gourm    .   (shield restricted)
rNeg     . . .     Faith    .   c - +0 robe
rPois    .         Spirit   .   (helmet restricted)
rElec    .         Reflect  .   d - +0 cloak
rCorr    .         Harm     .   (gloves unavailable)
MR       .....                  (boots unavailable)
Stlth    ++++......             (no amulet)
Regen    0.1/turn               O - +5 ring of protection
MPRegen  0.2/turn               W - ring of magical power

@: lethally poisoned (0 -> -4), very quick
A: unfitting armour, see invisible, herbivore 3, speed 3, slow metabolism 2
a: no special abilities


You were on level 3 of the Dungeon.
You were not hungry.

You visited 1 branch of the dungeon, and saw 3 of its levels.

You collected 53 gold pieces.


Innate Abilities, Weirdness & Mutations

You are very small and have problems with some larger weapons.
You are too small for most types of armour.
You have supernaturally acute eyesight. (SInv)
You are a herbivore.
You cover ground extremely quickly.
You need consume almost no food.


   Skills:
 + Level 2.1 Fighting
 + Level 2.9 Short Blades
 - Level 2.0 Throwing
 - Level 1.5 Dodging
 + Level 6.8 Stealth


You had 2 spell levels left.
You didn't know any spells.

Inventory:

Hand Weapons
 a - a +2 dagger (weapon)
 b - a +0 blowgun {@w1}
Missiles
 e - 4 poisoned needles
 f - 2 curare-tipped needles {=f}
Armour
 c - a +0 robe (worn)
 d - a +0 cloak (worn)
Jewellery
 O - a +5 ring of protection (left hand)
 W - a ring of magical power (right hand)
Scrolls
 h - 2 scrolls of identify {unknown}
 i - a scroll of immolation {unknown}
 k - a scroll of teleportation {unknown}
 l - 2 scrolls of remove curse {@r2}
 n - a scroll of enchant armour {unknown}
 q - a scroll of fog {unknown}
Potions
 j - a potion of heal wounds {unknown}
 m - a potion of flight {unknown}
 o - a potion of ambrosia {unknown}
 p - a potion of magic {unknown}
 r - a potion of haste {unknown}
Comestibles
 g - 4 bread rations {@e1}

Dungeon Overview and Level Annotations

Branches:
Dungeon (3/15)

Altars:
Cheibriados

Annotations:
D:3 Linguinho's ghost, amateur DrAE

### ####### #.##########.##.#.
#.....(....(.#....
#$##########...... #S#
#............ .#.# #.#####.#...⚑
#.#.## #.......#.... #.
#.#@#.?......###..#.
#####.#..#.#.###.#..#.# #..#?
#.....#......#......#.# #..#.
####.....#.##.#......#.#.###..#.
.............#....<......[...#.
#.#.#.....<$#.#.#..###.####.#.
#.............#.............#.
#...........#.#........#######
#.............#.#....(os.S....


You could see an adder.


Message History

* * * LOW HITPOINT WARNING * * *
You feel sick. The adder bites you but does no damage.
Unknown command.
Press < or > to pray at altars.
You miss the adder.
The adder is severely wounded.
The adder bites you but does no damage.
Unknown command.
Press < or > to pray at altars.
Okay, then.
* * * LOW HITPOINT WARNING * * *
You feel sick.
Found 21 sling bullets.
* * * LOW HITPOINT WARNING * * *
You feel sick.
Found 11 gold pieces.
* * * LOW HITPOINT WARNING * * *
You feel sick.
You see here 21 sling bullets.
b - a +0 blowgun (weapon)
{@w1} Firing (i - inventory. (,) - cycle):
e - 5 poisoned needles (quivered)
Press: ? - help, Shift-Dir - straight line, f/p - adder
Aim: an adder (severely wounded)
You shoot a poisoned needle.
The poisoned needle barely misses the adder.
a - a +2 dagger (weapon)
* * * LOW HITPOINT WARNING * * *
You feel sick.
You see here 11 gold pieces.
You die...

Skill      XL: |  1  2 |
---------------+-------+-----
Stealth        | 6 |  6.8
Fighting       | 2 |  2.1
Short Blades   | |  2.9
Throwing       | |  2.0
Dodging        | |  1.5

Action                   || total
-------------------------++-------
Melee: Dagger            ||    72
 Fire: Blowgun           ||     5
  Use: Scroll            ||     1
 Stab: Sleeping          ||     6
Armor: Robe              ||     9
Dodge: Dodged            ||    39

Vault maps used:
D:1:      minmay_arrival_hallway, minmay_tetromino_o2
D:2:      kennysheep_the_goblin_king, first_bread
D:3:      cheibriados_altar_1

Notes
Turn   | Place    | Note
-------+----------+-------------------------------------------
     0 | D:1      | Jazqa the Spriggan Assassin began the quest for the Orb.
     0 | D:1      | Reached XP level 1. HP: 10/10 MP: 2/2
    84 | D:1      | Reached skill level 6 in Stealth
   462 | D:2      | Reached XP level 2. HP: 14/15 MP: 3/3
   591 | D:2      | Reached skill level 2 in Fighting
   591 | D:2      | Reached XP level 3. HP: 18/18 MP: 4/4
  1007 | D:3      | Noticed Linguinho's ghost (amateur DrAE)
  1111 | D:3      | Found a snail-covered altar of Cheibriados.
  1142 | D:3      | HP: 1/18 [poisoned by an adder]
  1148 | D:3      | Succumbed to an adder's poison

Vanquished Creatures
  2 adders (D:2)
  A dart slug (D:2)
  A leopard gecko (D:2)
  An orc (D:3)
  A ball python (D:3)
  2 bats
  A hobgoblin (D:2)
  A quokka (D:2)
  A frilled lizard (D:3)
  4 goblins
  3 kobolds (D:1)
  4 rats
22 creatures vanquished.
